Map: Orbital Shipyard

Players

MorN - Winner!

  • Race: Terran Terran
  • League: Master

FyCkmE

  • Race: Protoss Protoss
  • League: Diamond

VOD

Have the link to the VOD?

Description

Time

  • Played on: Dec. 4, 2015, 1:57 a.m.
  • Length: 10:46
Show
View Real Time Build Order
Export as new Build Order

MorN Terran - Winner!

Build Orders: MMM Bio 

Get SALT Encoding   

  12  0:00  SCV  
  13  0:13  SCV  
  14  0:20  Supply Depot  
  14  0:25  SCV  
  15  0:42  SCV  
  16  0:43  Barracks  
  16  0:46  Refinery  
  16  0:54  SCV  
  17  1:06  SCV  
  18  1:18  SCV  
  19  1:30  Marine  
  19  1:31  Orbital Command  
  20  1:41  Command Center  
  20  1:52  Supply Depot  
  20  1:58  Factory  
  20  2:03  SCV  
  21  2:10  Marine  
  22  2:20  SCV  
  23  2:27  Marine  
  24  2:32  SCV  
  25  2:42  Factory Tech Lab  
  25  2:43  Barracks  
  25  2:47  SCV  
  26  2:55  Orbital Command  
  26  2:58  Marine  
  27  3:06  SCV  
  27  3:08  Cyclone, Refinery  
  30  3:18  SCV  
  31  3:20  Marine  
  31  3:23  SCV  
  33  3:30  SCV  
  34  3:35  SCV  
  35  3:42  SCV  
  35  3:45  Barracks  
  35  3:47  SCV  
  37  3:48  Command Center  
  37  3:54  SCV, Stimpack  
  38  3:59  SCV  
  38  4:01  Barracks Tech Lab, Refinery  
  39  4:03  Factory Reactor  
  39  4:06  Supply Depot, SCV  
  39  4:09  Marauder  
  42  4:14  SCV  
  43  4:18  SCV  
  43  4:19  Supply Depot  
  43  4:20  Combat Shields  
  44  4:27  SCV  
  44  4:30  SCV, Marine  
  47  4:31  Marauder  
  49  4:46  Starport  
  49  4:47  Marine  
  49  4:50  Factory Reactor  
  50  4:54  Marauder  
  51  5:03  Bunker  
  51  5:04  Bunker  
  51  5:06  Marauder  
  52  5:12  Marine x2  
  50  5:15  Marine  
  49  5:22  Supply Depot  
  49  5:27  Marine  
  45  5:29  Marine  
  45  5:30  Marine  
  45  5:33  Marauder  
  49  5:37  Medivac  
  49  5:41  SCV  
  49  5:42  SCV  
  48  5:44  Orbital Command  
  48  5:45  Marauder  
  48  5:50  Factory Reactor  
  48  5:54  SCV x2, Marauder  
  46  6:04  Marine  
  46  6:06  Marauder  
  46  6:11  Marine  
  48  6:16  Marauder  
  45  6:22  Marine  
  45  6:24  Medivac  
  46  6:25  SCV x2  
  46  6:27  Refinery  
  46  6:28  Marine, Marauder  
  46  6:29  Supply Depot  
  51  6:37  Marauder  
  53  6:40  Marine  
  53  6:41  Supply Depot  
  53  6:44  SCV  
  53  6:45  SCV x2  
  53  6:46  Marine  
  58  6:47  Supply Depot  
  58  6:48  Widow Mine x2  
  58  6:49  Medivac, Marauder  
  66  6:55  Engineering Bay  
  66  6:57  SCV  
  66  6:58  Concussive Shells  
  66  6:59  Marauder  
  69  7:06  Marine x2  
  69  7:07  SCV x2  
  73  7:11  Supply Depot, Marauder  
  73  7:14  Medivac  
  77  7:19  Widow Mine x2  
  77  7:20  Marauder, Orbital Command  
  83  7:24  SCV x2, Marine  
  86  7:31  Marine x2  
  86  7:36  Terran Infantry Weapons Level 1  
  88  7:40  Supply Depot  
  88  7:41  Marauder  
  88  7:42  Marine  
  88  7:43  SCV  
  88  7:44  SCV  
  93  7:45  SCV  
  93  7:47  Medivac  
  93  7:50  Marauder  
  98  7:56  SCV  
  93  8:09  Marine x2  
  93  8:10  Marine  
  93  8:11  Marauder  
  93  8:13  SCV x3, Supply Depot  
  93  8:14  Barracks  
  93  8:17  Barracks  
  96  8:25  SCV x3  
  96  8:26  Refinery  
  99  8:29  Marine x2  
  99  8:30  Marauder  
  99  8:33  Marauder, Widow Mine  
  107  8:37  SCV x3  
  110  8:43  Medivac  
  110  8:47  Marine  
  113  8:49  SCV x2, Marine  
  116  9:05  Marine  
  116  9:08  Barracks Reactor, Barracks Tech Lab  
  116  9:09  Missile Turret  
  117  9:10  Missile Turret  
  117  9:11  Missile Turret  
  117  9:22  SCV  
  117  9:28  SCV  
  117  9:33  Marine  
  117  9:34  Marine  
  117  9:36  Widow Mine x2  
  117  9:38  Marauder  
  117  9:39  Marauder  
  117  9:41  Marauder  
  109  9:57  Marine x2  
  109  9:59  Marauder  
  113  10:00  Marauder  
  115  10:08  SCV x2  
  115  10:10  SCV, Marine  
  115  10:13  Supply Depot x2  
  115  10:14  Supply Depot  
  117  10:15  Marauder  
  117  10:23  SCV, Marine  
  117  10:27  SCV  
  117  10:34  SCV  
  129  10:46  Armory, Engineering Bay  
Show
View Real Time Build Order
Export as new Build Order

FyCkmE Protoss 

Build Orders: 1 Gate Expand 

Get SALT Encoding   

  12  0:01  Probe (Chrono Boost)  
  13  0:13  Pylon  
  13  0:18  Probe (Chrono Boost)  
  14  0:27  Assimilator  
  14  0:29  Probe (Chrono Boost)  
  15  0:40  Probe (Chrono Boost)  
  16  0:45  Gateway  
  16  0:50  Probe (Chrono Boost)  
  17  1:01  Probe (Chrono Boost)  
  19  1:11  Probe (Chrono Boost)  
  19  1:22  Probe (Chrono Boost)  
  20  1:28  Nexus  
  20  1:32  Nexus  
  20  1:34  Probe (Chrono Boost)  
  21  1:45  Cybernetics Core  
  21  1:49  Probe (Chrono Boost)  
  22  2:02  Pylon  
  22  2:05  Probe (Chrono Boost)  
  23  2:13  Gateway  
  23  2:16  Gateway  
  23  2:21  Mothership Core (Chrono Boost)  
  25  2:24  Warp Gate (Chrono Boost)  
  25  2:42  Probe  
  26  2:47  Stalker  
  26  2:49  Probe  
  29  2:54  Probe  
  30  2:59  Gateway  
  30  3:00  Gateway  
  30  3:10  Pylon  
  30  3:15  Forge  
  30  3:20  Stalker  
  30  3:25  Stalker  
  34  3:30  Stalker  
  36  3:49  Photon Cannon  
  36  3:52  Photon Cannon  
  36  4:07  Pylon  
  36  4:15  Stalker x3  
  36  4:17  Zealot x2  
  44  4:24  Assimilator  
  46  4:41  Stalker  
  46  4:43  Zealot x3  
  50  5:05  Stalker  
  50  5:06  Zealot x4  
  48  5:45  Stalker x2  
  48  5:47  Zealot x2  
  48  5:48  Stalker  
  35  6:23  Stalker  
  35  6:24  Zealot  
  35  6:25  Probe, Zealot x3  
  37  6:26  Probe  
  39  6:35  Probe  
  39  6:38  Probe  
  41  6:40  Assimilator  
  41  6:45  Assimilator  
  41  6:46  Probe  
  41  6:47  Zealot  
  41  6:48  Zealot x3  
  41  6:50  Probe  
  51  6:58  Twilight Council  
  51  7:01  Probe  
  51  7:03  Probe  
  53  7:12  Probe  
  53  7:15  Probe  
  55  7:16  Nexus  
  55  7:17  Pylon  
  55  7:22  Pylon  
  55  7:34  Dark Shrine  
  54  7:37  Zealot  
  54  7:44  Zealot x2  
  58  7:45  Sentry  
  58  7:47  Sentry  
  56  8:04  Zealot  
  56  8:05  Zealot x2  
  62  8:16  Pylon  
  62  8:26  Probe  
  62  8:28  Probe  
  62  8:30  Pylon x2  
  64  8:37  Probe  
  64  8:40  Probe  
  66  8:46  Dark Templar  
  66  8:48  Dark Templar  
  70  8:49  Dark Templar  
  70  8:50  Dark Templar  
  70  8:52  Probe  
  75  9:08  Dark Templar  
  67  9:29  Dark Templar x3  
  67  9:37  Photon Cannon  
  61  9:50  Dark Templar  
  59  10:12  Stalker x2  
  59  10:13  Zealot x2  
  67  10:18  Assimilator  
Tags
 
Add a new tag
Caveats
  • Supply blocks, unpowered buildings, or Contaminate may cause inaccurate times.
  • Supply counts are checked every 10 seconds.